 Dungeon Crawl Stone Soup version 0.29.1-2-gbd0b4ee654 (webtiles) character file.

Game seed: 2680889954798401075

42 Condegh the Chopper (level 3, -2/33 HPs)
             Began as a Hill Orc Monk on Oct 23, 2022.
             Killed from afar by an orc wizard (6 damage)
             ... with a magic dart
             ... on level 1 of the Dungeon.
             The game lasted 00:05:16 (1347 turns).

Condegh the Chopper (Hill Orc Monk)                 Turns: 1347, Time: 00:05:18

Health: -2/33      AC:  3    Str: 15    XL:     3   Next: 56%
Magic:  3/3        EV: 12    Int: 10    God:
Gold:   74         SH:  0    Dex: 13    Spells: 2/2 levels left

rFire   . . .      SeeInvis .   a - +0 hand axe
rCold   . . .      Faith    .   (no shield)
rNeg    . . .      Spirit   .   d - +0 leather armour
rPois   .          Reflect  .   (no helmet)
rElec   .          Harm     .   (no cloak)
rCorr   .          Rampage  .   (no gloves)
Will    .....                   (no boots)
Stlth   +.........              (no amulet)
HPRegen 0.11/turn               (no ring)
MPRegen 0.08/turn               (no ring)

@: confused
A: no striking features
a: Convert to Beogh


You were on level 1 of the Dungeon.
You visited 1 branch of the dungeon, and saw 2 of its levels.

You collected 74 gold pieces.

Inventory:

Hand Weapons
 a - a +0 hand axe (weapon)
Armour
 b - a +0 robe
 d - a +0 leather armour (worn)
Jewellery
 i - a ring of willpower
Scrolls
 f - a scroll of blinking {unknown}
Potions
 c - 2 potions of ambrosia
 e - a potion of brilliance {unknown}
 g - 2 potions of degeneration {unknown}
 h - a potion of curing {unknown}
 j - a potion of cancellation {unknown}


   Skills:
 + Level 4.3 Fighting
 + Level 4.7 Axes
 + Level 1.7 Armour
 - Level 2.4 Dodging
 - Level 1.5 Stealth


You had 2 spell levels left.
You didn't know any spells.
Your spell library was empty.

Dungeon Overview and Level Annotations

Branches:
Dungeon (2/15)

Altars:


Message History

You hit the orc but do no damage. You hit the orc.
The orc hits you but does no damage.
You hit the orc priest but do no damage.
The orc priest shouts, "Surrender to Beogh and we'll let you live!"
You miss something. You barely miss the orc. The orc barely misses you.
The orc priest hits you with a +0 dagger.
You hit the orc priest.
The orc priest shouts, "Surrender to Beogh and we'll let you live!"
The orc priest is lightly wounded.
You closely miss something. You hit the orc but do no damage.
The orc priest shouts, "Join the one true god or die!"
The orc misses you.
The orc priest mumbles some strange prayers to Beogh against you.
Beogh smites you! Something hits you.
The orc priest threatens, "By the altar or by the axe, you will meet Beogh!"
The orc priest hits you with a +0 dagger.
The orc hits you with a +0 club. Something hits you.
* * * LOW HITPOINT WARNING * * *
The orc barely misses you.
You hear some strange, mumbled words.
You are confused.
The orc priest closely misses you.
You climb upwards.
Reactivating autopickup.
There is a stone staircase leading down here.
You hit the orc priest.
The orc priest is heavily wounded.
You barely miss something. You closely miss the orc. Something hits you.
* * * LOW HITPOINT WARNING * * *
Deactivating autopickup; reactivate with Ctrl-A.
The orc hits you with a +0 club.
* * * LOW HITPOINT WARNING * * *
The orc priest misses you.
You closely miss the orc priest.
The orc priest is heavily wounded.
You miss something. You barely miss the orc.
You hear some strange, mumbled words.
A magic dart appears from out of thin air!
The magic dart hits you.
You die...

#..#####.# #.# #.###.#.## #..#
#.####.####.# #.#.# # #..#
#.........#.###.#.# # #..#
########............# #
####..###...## ####...#######
# #.....##.....## #...# #
#.###.#.......#####...########
# #.#
#....)..{................. #
#.# ###.....o@######.########.
# #.# ##......o## #.# #. #
#.###)......## #.# #. #
#.##.......## #)# ## ##
#......>...# #.# .#
####.......# #.##### .#
##.....## #.#...## .# ##>..##
#..###.# .### ##.## #..# #.#


You could see an orc priest and an orc.

Vanquished Creatures
  An adder (D:2)
  A dart slug (D:1)
  An orc (D:2)
  4 ball pythons (D:1)
  4 endoplasms
  2 giant cockroaches
  3 goblins
  3 hobgoblins
  A quokka (D:1)
  3 bats (D:1)
  3 frilled lizards
26 creatures vanquished.

Notes
Turn   | Place    | Note
-------+----------+-------------------------------------------
     0 | D:1      | Condegh the Hill Orc Monk began the quest for the Orb.
     0 | D:1      | Reached XP level 1. HP: 19/19 MP: 1/1
   278 | D:1      | Reached XP level 2. HP: 23/27 MP: 2/2
   346 | D:1      | Reached skill level 1 in Armour
   599 | D:1      | You fall into a shaft and drop 1 floor!
   715 | D:2      | Reached XP level 3. HP: 24/33 MP: 3/3
  1347 | D:1      | Killed from afar by an orc wizard

Illustrated notes

Levels and vault maps discovered:
D:1:      matt_arrival_grand_opening, layout_loops_ring
D:2:      layout_rooms, basic_altar, basic_ecumenical_altar, uniq_natasha

Skill      XL: |  1  2 |
---------------+-------+-----
Armour         | 1 |  1.7
Fighting       | 4 |  4.3
Axes           | |  4.7
Dodging        | |  2.4
Stealth        | |  1.5

Action                   || total
-------------------------++-------
Melee: Hand axe          ||   100
       Punch             ||     3
 Stab: Sleeping          ||     4
Armor: Leather armour    ||    24
       Robe              ||     1
Dodge: Dodged            ||    54
